 Dungeon Crawl Stone Soup version 0.28.0 (webtiles) character file.

Game seed: 7601127876452849829

3428 themarg the Magician (level 10, 0/75 HPs)
             Began as a Gnoll Wanderer on Feb 5, 2022.
             Was an Initiate of Ashenzari.
             Slain by a nine-headed hydra (4 damage)
             ... on level 7 of the Dungeon.
             The game lasted 00:53:02 (9332 turns).

themarg the Magician (Gnoll Wanderer)               Turns: 9332, Time: 00:53:02

Health: 0/75       AC: 14    Str: 10    XL:     10   Next: 5%
Magic:  20/20      EV: 13    Int: 18    God:    Ashenzari [......]
Gold:   310        SH:  0    Dex: 11    Spells: 15/23 levels left

rFire   + . .      SeeInvis .   o - +10 hand axe of the Tethered Suspicion {speed, rElec, Range, Bglg} (curse)
rCold   . . .      Faith    .   y - orb {*channel}
rNeg    . . .      Spirit   .   p - +3 scale mail
rPois   .          Reflect  .   B - +2 helmet
rElec   +          Harm     .   r - scarf {+Inv}
rCorr   .          Rampage  .   (no gloves)
Will    +....                   E - +0 pair of boots of a wizard's laboratory {rF+ Will+ Slay+2}
Stlth   +.........              (no amulet)
HPRegen 0.22/turn               g - +4 ring of slaying
MPRegen 0.17/turn               u - +4 ring of evasion

@: no status effects
A: fangs 1, strong nose, distributed training
a: Renounce Religion, Evoke Invisibility, Curse Item, Shatter the Chains


You were on level 7 of the Dungeon.
You worshipped Ashenzari.
Ashenzari was noncommittal.
You visited 1 branch of the dungeon, and saw 8 of its levels.

You collected 375 gold pieces.
You spent 65 gold pieces at shops.

Inventory:

Hand Weapons
 k - the +5 broad axe "Wiyhiffo" {freeze, rC- Int+5}
   (You found it on level 7 of the Dungeon)

   It freezes those it strikes, dealing additional cold damage.
   It can also slow down cold-blooded creatures.
   Int:       It affects your intelligence (+5).
   rC:        It makes you vulnerable to cold.
 o - the cursed +10 hand axe of the Tethered Suspicion (weapon) {speed, rElec, Range, Bglg}
   (You found it on level 3 of the Dungeon)

   Attacks with this weapon are significantly faster.
   rElec:     It insulates you from electricity.
   It has a curse which improves the following skills: Ranged Combat: Slings,
   Bows, Crossbows and Throwing.
   Beguiling: Conjurations, Hexes and Translocations.
 A - a +2 antimagic trident
 D - a +4 short sword
Armour
 c - a +0 buckler
 j - a +0 kite shield
 p - a +3 scale mail (worn)
 r - a scarf of invisibility (worn)
 y - an orb of energy (worn)
 B - a +2 helmet (worn)
 E - the +0 pair of boots of a wizard's laboratory (worn) {rF+ Will+ Slay+2}
   (You found it on level 6 of the Dungeon)

   Slay:      It affects your accuracy & damage with ranged weapons and melee
   (+2).
   rF:        It protects you from fire.
   Will:      It increases your willpower.
Jewellery
 g - a +4 ring of slaying (left hand)
 i - a +4 ring of evasion
 u - a +4 ring of evasion (right hand)
 G - a ring of poison resistance
Wands
 s - a wand of mindburst (13)
Scrolls
 a - a scroll of immolation {unknown}
 e - 4 scrolls of fear {unknown}
 h - 3 scrolls of blinking {unknown}
 l - 3 scrolls of magic mapping {unknown}
 n - a scroll of noise {unknown}
 t - 3 scrolls of identify {unknown}
 v - a scroll of torment {unknown}
 z - a scroll of holy word {unknown}
 F - a scroll of amnesia {unknown}
Potions
 b - a potion of invisibility
 d - a potion of degeneration {unknown}
 f - 2 potions of heal wounds
 m - a potion of attraction {unknown}
 q - 4 potions of ambrosia {unknown}
 w - 2 potions of magic {unknown}
 x - a potion of curing {unknown}
 C - 2 potions of haste {unknown}
 H - 2 potions of brilliance {unknown}
 I - a potion of flight {unknown}


   Skills:
 + Level 5.6 Fighting
 + Level 4.9 Short Blades
 + Level 4.9 Long Blades
 + Level 4.9 Axes
 + Level 4.9 Maces & Flails
 + Level 4.9 Polearms
 + Level 4.9 Staves
 + Level 4.9(5.3) Slings
 + Level 4.9(5.3) Bows
 + Level 4.9(5.3) Crossbows
 + Level 4.9(5.3) Throwing
 + Level 4.9 Armour
 + Level 4.9 Dodging
 + Level 4.9 Stealth
 + Level 6.7 Shields
 + Level 4.9 Unarmed Combat
 + Level 7.1 Spellcasting
 + Level 4.0(4.4) Conjurations
 + Level 4.0(4.4) Hexes
 + Level 5.6 Summonings
 + Level 4.0 Necromancy
 + Level 4.0(4.4) Translocations
 + Level 4.0 Transmutations
 + Level 4.0 Fire Magic
 + Level 5.6 Ice Magic
 + Level 4.0 Air Magic
 + Level 4.0 Earth Magic
 + Level 4.0 Poison Magic
 + Level 5.3 Invocations
 + Level 5.6 Evocations


You had 15 spell levels left.
You knew the following spells:

 Your Spells              Type           Power      Damage    Failure   Level
a - Freeze                Ice            100%       1d11      6%          1
b - Summon Small Mammal   Summ           100%       N/A       6%          1
c - Call Imp              Summ           26%        N/A       10%         2
d - Passwall              Tmut/Erth      16%        N/A       19%         2
e - Blink                 Tloc           44%        N/A       16%         2

Your spell library contained the following spells:

 Spells                   Type           Power      Damage    Failure   Level
 Beastly Appendage        Tmut           40%        N/A       12%         1
 Ensorcelled Hibernation  Hex/Ice        48%        N/A       12%         2
 Wereblood                Tmut           20%        N/A       19%         2
 Frozen Ramparts          Ice            52%        1d7       19%         3
 Lesser Beckoning         Tloc           22%        N/A       30%         3
 Tukima's Dance           Hex            22%        N/A       30%         3
 Spider Form              Tmut/Pois      20%        N/A       36%         3
 Swiftness                Air            20%        N/A       36%         3
 Summon Lightning Spire   Summ/Air       23%        N/A       65%         4
 Passage of Golubria      Tloc           22%        N/A       71%         4
 Manifold Assault         Tloc           22%        N/A       96%         5
 Yara's Violent Unravell  Hex/Tmut       10%        3d6       97%         5


Dungeon Overview and Level Annotations

Branches:
Dungeon (8/15)             Temple (0/1) D:7
   Lair: D:8-11

Altars:
Ashenzari
Cheibriados
Dithmenos
Gozag
Uskayaw
Zin

Shops:
D:2 !

Annotations:
D:2 1 runed translucent door, Crazy Yiuf


Innate Abilities, Weirdness & Mutations

You have very sharp teeth.
Your uncanny sense of smell can sniff out nearby items.
Your experience applies equally to all skills.


Message History

The eight-headed hydra roars!
A wyvern zombie comes into view.
The eight-headed hydra bites you. The eight-headed hydra bites you! x2
The eight-headed hydra bites you. The eight-headed hydra bites you!
The eight-headed hydra bites you but does no damage.
The eight-headed hydra closely misses you.
The eight-headed hydra bites you but does no damage.
You slice one of the eight-headed hydra's heads off!
The seven-headed hydra grows two more!
You slash the nine-headed hydra!
The nine-headed hydra is lightly wounded.
The nine-headed hydra bites you but does no damage.
The nine-headed hydra bites you!
The nine-headed hydra bites you but does no damage. x2
The nine-headed hydra bites you.
The nine-headed hydra bites you but does no damage.
The nine-headed hydra completely misses you.
The nine-headed hydra bites you.
* * * LOW HITPOINT WARNING * * *
The nine-headed hydra misses you.
Okay, then.
There is a stone staircase leading up here.
The nine-headed hydra bites you.
* * * LOW HITPOINT WARNING * * *
The nine-headed hydra bites you but does no damage.
The nine-headed hydra bites you.
* * * LOW HITPOINT WARNING * * *
The nine-headed hydra bites you but does no damage. x2
The nine-headed hydra bites you.
* * * LOW HITPOINT WARNING * * *
The nine-headed hydra bites you but does no damage. x3
You climb upwards.
There is a stone staircase leading down here.
The nine-headed hydra bites you but does no damage.
The nine-headed hydra misses you. The nine-headed hydra bites you.
* * * LOW HITPOINT WARNING * * *
The nine-headed hydra bites you but does no damage. x5
The nine-headed hydra bites you!
* * * LOW HITPOINT WARNING * * *
The nine-headed hydra bites you.
You die...

### #...##
##...####### ###
#>......... #.##
###..........
##.##
##.......#####
##.##
####.......##
##.###....###...##
#....รท.### ##...#
#...@.## ##..##
#...D.# #####..##
##....##
#.......## #.....#
#.#####..##
#.....# ###.#
#....# #.....#
#.(.## #.##..
###..##
#.#..###.###. ####
#........# ##
#..8.8.8.# #


You could see a nine-headed hydra.

Vanquished Creatures
  A two-headed ogre (D:5)
  Sigmund (D:3)
  A steam dragon (D:7)
  A water moccasin (D:7)
  An orc warrior (D:7)
  2 ice beasts
  A sky beast (D:6)
  A black bear (D:6)
  A hornet zombie (D:6)
  5 ogres
  A centaur (D:7)
  A phantom (D:6)
  A gnoll sergeant (D:6)
  A bullfrog (D:7)
  A scorpion (D:7)
  5 wights
  A howler monkey (D:4)
  A bullfrog zombie (D:5)
  2 hounds
  2 centaur skeletons
  A jelly (D:5)
  7 orc priests
  A bullfrog skeleton (D:4)
  An iguana (D:6)
  Natasha (twice) (D:3)
  6 orc wizards
  2 howler monkey zombies
  Robin (D:3)
  2 howler monkey skeletons
  7 adders
  3 white imps
  2 worms (D:2)
  4 dart slugs
  31 orcs
  6 ball pythons
  5 endoplasms
  3 giant cockroaches
  12 goblins
  10 hobgoblins
  4 quokkas
  7 bats
  4 frilled lizards
  6 kobolds
  5 rats
163 creatures vanquished.

Vanquished Creatures (collateral kills)
  A hobgoblin (D:1)
  2 bats (D:1)
  A rat (D:1)
4 creatures vanquished.

Grand Total: 167 creatures vanquished

Notes
Turn   | Place    | Note
-------+----------+-------------------------------------------
     0 | D:1      | themarg the Gnoll Wanderer began the quest for the Orb.
     0 | D:1      | themarg set off with the following items: a +0 dagger, a +0
                  | robe, a +0 buckler; and the following spells available to
                  | memorise: Freeze, Summon Small Mammal, Call Imp, Frozen
                  | Ramparts, Summon Lightning Spire
     0 | D:1      | Reached XP level 1. HP: 17/17 MP: 6/6
     2 | D:1      | Learned a level 1 spell: Freeze
     4 | D:1      | Learned a level 1 spell: Summon Small Mammal
   405 | D:1      | Reached XP level 2. HP: 23/23 MP: 4/7
  1032 | D:1      | Reached XP level 3. HP: 15/28 MP: 9/9
  1260 | D:1      | Reached skill level 5 in Spellcasting
  1907 | D:2      | Reached skill level 1 in Invocations
  1918 | D:2      | Found a faded altar of an unknown god.
  2176 | D:2      | Prayed at the altar of an unknown god.
  2176 | D:2      | Became a worshipper of Ashenzari the Shackled
  2307 | D:2      | Reached skill level 1 in Short Blades
  2307 | D:2      | Reached skill level 1 in Long Blades
  2307 | D:2      | Reached skill level 1 in Axes
  2307 | D:2      | Reached skill level 1 in Maces & Flails
  2307 | D:2      | Reached skill level 1 in Polearms
  2307 | D:2      | Reached skill level 1 in Staves
  2307 | D:2      | Reached skill level 1 in Slings
  2307 | D:2      | Reached skill level 1 in Bows
  2307 | D:2      | Reached skill level 1 in Crossbows
  2307 | D:2      | Reached skill level 1 in Throwing
  2307 | D:2      | Reached skill level 1 in Armour
  2307 | D:2      | Reached skill level 1 in Dodging
  2307 | D:2      | Reached skill level 1 in Stealth
  2307 | D:2      | Reached skill level 1 in Unarmed Combat
  2464 | D:2      | Found a runed translucent door.
  2465 | D:2      | Noticed Crazy Yiuf
  2580 | D:2      | Found Gyohiubb's Distillery.
  2588 | D:2      | Bought a potion of heal wounds for 65 gold pieces
  2740 | D:2      | Reached XP level 4. HP: 24/34 MP: 11/11
  3605 | D:3      | Identified the +10 hand axe "Usozoj" {speed, rElec}
  3695 | D:3      | Reached skill level 1 in Conjurations
  3695 | D:3      | Reached skill level 1 in Hexes
  3695 | D:3      | Reached skill level 1 in Necromancy
  3695 | D:3      | Reached skill level 1 in Translocations
  3695 | D:3      | Reached skill level 1 in Transmutations
  3695 | D:3      | Reached skill level 1 in Fire Magic
  3695 | D:3      | Reached skill level 1 in Air Magic
  3695 | D:3      | Reached skill level 1 in Earth Magic
  3695 | D:3      | Reached skill level 1 in Poison Magic
  3697 | D:3      | Reached XP level 5. HP: 38/40 MP: 12/12
  3971 | D:3      | Noticed Sigmund
  4116 | D:4      | Reached XP level 6. HP: 43/47 MP: 13/13
  4165 | D:4      | HP: 2/47 [orc priest/divine providence (16)]
  4169 | D:4      | Reached skill level 5 in Shields
  4497 | D:4      | Learned a level 2 spell: Call Imp
  4514 | D:4      | Found a hide-covered altar of Uskayaw.
  5064 | D:5      | Entered Level 5 of the Dungeon
  5232 | D:5      | Reached XP level 7. HP: 41/52 MP: 15/15
  5871 | D:5      | Reached XP level 8. HP: 60/60 MP: 16/16
  6113 | D:5      | Identified the +1 dagger of Duomim {vorpal, *Noise rF+
                  | Int+3 SInv}
  6622 | D:6      | Reached skill level 6 in Spellcasting
  6707 | D:6      | Identified the +0 pair of boots of a wizard's laboratory
                  | {rF+ Will+ Slay+2}
  6776 | D:6      | Noticed a two-headed ogre
  6899 | D:5      | Killed a two-headed ogre
  6900 | D:5      | Reached skill level 5 in Summonings
  6900 | D:5      | Reached skill level 5 in Ice Magic
  6900 | D:5      | Reached XP level 9. HP: 24/67 MP: 18/18
  7203 | D:6      | Found an opulent altar of Gozag.
  7281 | D:6      | Reached skill level 5 in Fighting
  7281 | D:6      | Reached skill level 5 in Evocations
  7402 | D:6      | Noticed a komodo dragon
  7469 | D:6      | Found a shadowy altar of Dithmenos.
  7720 | D:7      | Found a glowing silver altar of Zin.
  7842 | D:7      | Reached skill level 5 in Invocations
  8111 | D:7      | Identified the +5 broad axe "Wiyhiffo" {freeze, rC- Int+5}
  8282 | D:7      | Found a staircase to the Ecumenical Temple.
  8378 | D:7      | Reached skill level 7 in Spellcasting
  8572 | D:7      | Learned a level 2 spell: Passwall
  8575 | D:7      | Learned a level 2 spell: Blink
  8765 | D:3      | Killed Sigmund
  8766 | D:3      | Reached XP level 10. HP: 74/74 MP: 18/20
  8791 | D:3      | Noticed Robin
  8798 | D:3      | Killed Robin
  8839 | D:3      | Noticed Natasha
  8854 | D:3      | Killed Natasha
  8888 | D:3      | Noticed Natasha
  8900 | D:3      | Killed Natasha
  9304 | D:8      | Noticed an eight-headed hydra
  9305 | D:8      | Found a snail-covered altar of Cheibriados.
  9323 | D:7      | HP: 2/75 [nine-headed hydra (11)]
  9332 | D:7      | Slain by a nine-headed hydra

Illustrated notes

Levels and vault maps discovered:
D:1:      beargit_arrival_greenhouse, layout_basic
D:2:      layout_basic, serial_shops, nicolae_shop_stone,
          dreamdust_ecumenical_altar_statues, uniq_crazy_yiuf_cottage
D:3:      layout_rooms, serial_aquarium, aquarium_bridge_square
          [aquarium_subvault_bridge, aquarium_subvault_bridge,
          aquarium_subvault_wall, aquarium_subvault_window],
          aquarium_bridge_straight [aquarium_subvault_bridge,
          aquarium_subvault_wall, aquarium_subvault_bridge,
          aquarium_subvault_wall], aquarium_window_1, aquarium_window_fake,
          aquarium_view_2b, aquarium_balcony_5b, aquarium_pool_2,
          minmay_unequal, uniq_robin, uniq_sigmund, uniq_natasha
D:4:      layout_loops_ring, general_overflow_altar
D:5:      layout_loops_ring, serial_rivers, chequers_serial_rivers_micro_b,
          chequers_serial_rivers_micro_a, chequers_serial_rivers_room_a,
          chequers_serial_rivers_micro_c, chequers_serial_rivers_micro_b
D:6:      layout_rooms, nicolae_gozag_cash_rules_everything_around_me,
          grunt_dithmenos_smoke, st_stairs_8, lightli_corner_chamber
D:7:      layout_layer_cave, zin_treasury, minmay_temple_entry_statues_fountains
D:8:      layout_cave_pools, slow_altar_1, kennysheep_generic_room_8

Skill      XL: |  1  2  3  4  5  6  7  8  9 |
---------------+----------------------------+-----
Spellcasting   | 5 6 7 |  7.1
Invocations    | 1 2 3 4 5 |  5.3
Short Blades   | 1 2 4 |  4.9
Long Blades    | 1 2 4 |  4.9
Axes           | 1 2 4 |  4.9
Maces & Flails | 1 2 4 |  4.9
Polearms       | 1 2 4 |  4.9
Staves         | 1 2 4 |  4.9
Slings         | 1 2 4 |  4.9
Bows           | 1 2 4 |  4.9
Crossbows      | 1 2 4 |  4.9
Throwing       | 1 2 4 |  4.9
Armour         | 1 2 4 |  4.9
Dodging        | 1 2 4 |  4.9
Stealth        | 1 2 4 |  4.9
Unarmed Combat | 1 2 4 |  4.9
Conjurations   | 1 2 3 4 |  4.0
Hexes          | 1 2 3 4 |  4.0
Necromancy     | 1 2 3 4 |  4.0
Translocations | 1 2 3 4 |  4.0
Transmutations | 1 2 3 4 |  4.0
Fire Magic     | 1 2 3 4 |  4.0
Air Magic      | 1 2 3 4 |  4.0
Earth Magic    | 1 2 3 4 |  4.0
Poison Magic   | 1 2 3 4 |  4.0
Fighting       | 3 4 5 |  5.6
Summonings     | 4 5 |  5.6
Ice Magic      | 4 5 |  5.6
Evocations     | 3 4 5 |  5.6
Shields        | 5 6 |  6.7

Action                   |  1- 3 |  4- 6 |  7- 9 | 10-12 || total
-------------------------+-------+-------+-------+-------++-------
Melee: Dagger            |   182 |    29 |       |       ||   211
       Bite              |    26 |    11 |    18 |     3 ||    58
       Hand axe          |       |    86 |   189 |    37 ||   312
 Cast: Freeze            |     4 |       |       |       ||     4
       Summon Small Mamm |     4 |       |       |       ||     4
       Call Imp          |       |     1 |     5 |       ||     6
       Passwall          |       |       |       |     2 ||     2
Invok: Curse Item        |       |     1 |       |       ||     1
  Use: Potion            |       |     1 |     1 |       ||     2
 Stab: Sleeping          |     1 |     1 |     1 |       ||     3
Armor: Robe              |    29 |       |       |       ||    29
       Leather armour    |    22 |    16 |    20 |       ||    58
       Scale mail        |       |       |    24 |    29 ||    53
Dodge: Dodged            |   116 |    47 |    82 |    16 ||   261
Block: Buckler           |    44 |    20 |    42 |       ||   106
